 Dungeon Crawl Stone Soup version 0.28.0-1-gb440e238dd (webtiles) character file.

Game seed: 3088760509136302802

27 Crownlay the Poker (level 2, -2/26 HPs)
             Began as a Minotaur Gladiator on Feb 20, 2022.
             Slain by Natasha (6 damage)
             ... on level 2 of the Dungeon.
             The game lasted 00:01:32 (952 turns).

Crownlay the Poker (Minotaur Gladiator)              Turns: 952, Time: 00:01:32

Health: -2/26      AC:  3    Str: 18    XL:     2   Next: 93%
Magic:  1/1        EV: 12    Int:  5    God:
Gold:   48         SH:  0    Dex: 11    Spells: 1/1 levels left

rFire   . . .      SeeInvis .   a - +0 trident
rCold   . . .      Faith    .   (no shield)
rNeg    . . .      Spirit   .   b - +0 leather armour
rPois   .          Reflect  .   c - +0 hat
rElec   .          Harm     .   (no cloak)
rCorr   .          Rampage  .   (no gloves)
Will    .....                   (no boots)
Stlth   +.........              (no amulet)
HPRegen 0.08/turn               (no ring)
MPRegen 0.07/turn               (no ring)

@: slowed, very slow
A: horns 2, retaliatory headbutt
a: no special abilities


You were on level 2 of the Dungeon.
You visited 1 branch of the dungeon, and saw 2 of its levels.

You collected 48 gold pieces.

Inventory:

Hand Weapons
 a - a +0 trident (weapon)
Missiles
 d - 3 throwing nets (quivered)
Armour
 b - a +0 leather armour (worn)
 c - a +0 hat (worn)
Scrolls
 e - 4 scrolls of identify
 g - a scroll of enchant weapon


   Skills:
 + Level 3.1 Fighting
 * Level 4.6 Polearms
 - Level 2.0 Throwing
 - Level 3.2 Dodging


You had one spell level left.
You didn't know any spells.
Your spell library was empty.

Dungeon Overview and Level Annotations

Branches:
Dungeon (2/15)

Altars:

Shops:
D:2 =

Annotations:
D:2 Natasha


Innate Abilities, Weirdness & Mutations

You have a pair of horns on your head.
You reflexively headbutt those who attack you in melee.


Message History

* * * LOW HITPOINT WARNING * * *
You are too injured to fight recklessly!
You are too injured to fight recklessly!
You are too injured to fight recklessly!
You are too injured to fight recklessly!
You are too injured to fight recklessly!
You are too injured to fight recklessly!
Natasha howls an incantation.
You feel troubled.
The giant cockroach waves its antennae.
Natasha mumbles some strange words.
The shadow imp gestures at you. Pain shoots through your body!
* * * LOW HITPOINT WARNING * * *
Natasha hisses.
Natasha casts a spell at you.
You feel yourself slow down.
Natasha howls an incantation.
Natasha shimmers violently.
Natasha mumbles some strange words.
Natasha glows brightly for a moment.
It was a potion of magic.
Magic courses through your body.
You hit Natasha but do no damage.
Natasha casts a spell.
Natasha barely misses you.
You barely miss Natasha. Natasha claws you but does no damage.
The shadow imp barely misses you.
You hit Natasha.
Natasha is moderately wounded.
Natasha claws you.
* * * LOW HITPOINT WARNING * * *
The shadow imp hits you but does no damage.
The giant cockroach waves its antennae.
Natasha misses you. You furiously retaliate!
You headbutt Natasha. The shadow imp barely misses you.
You furiously retaliate!
You headbutt the shadow imp! You hit Natasha.
Natasha is almost dead.
Natasha claws you.
You die...

#.5#### #.##### ##.#
##.#...## #.#
######.#.....# #.#####
#......#..∩..# #.5.h.#
#.####.#.....## #####.#
#.#.>...#...#.# #.#
#.#.##...###..#
#.#########.#.####.....##
#.....Bh@5..#.....<..###
##################..##
####


You could see Natasha, a shadow imp (summoned) and a giant cockroach.

Vanquished Creatures
  2 dart slugs
  A ball python (D:1)
  5 endoplasms
  A giant cockroach (D:2)
  A goblin (D:1)
  A hobgoblin (D:1)
  A quokka (D:1)
  2 bats (D:1)
  A frilled lizard (D:1)
  3 kobolds (D:1)
  4 rats (D:1)
22 creatures vanquished.

Notes
Turn   | Place    | Note
-------+----------+-------------------------------------------
     0 | D:1      | Crownlay the Minotaur Gladiator began the quest for the
                  | Orb.
     0 | D:1      | Reached XP level 1. HP: 18/18 MP: 0/0
    49 | D:1      | Reached skill level 4 in Polearms
    51 | D:1      | Reached XP level 2. HP: 15/25 MP: 1/1
   682 | D:1      | Found a faded altar of an unknown god.
   840 | D:2      | Found Vickacugh's One-of-a-Kind Rings.
   914 | D:2      | Noticed Natasha
   952 | D:2      | Slain by Natasha

Illustrated notes

Levels and vault maps discovered:
D:1:      ncdulo_wetmaze, layout_rooms, ebering_ecumenical_altar_rust
D:2:      layout_basic, serial_shops, shop, nicolae_shop_unique_rings,
          corexii_leaking_fountain, uniq_natasha, uniq_jessica

Skill      XL: |  1  2 |
---------------+-------+-----
Polearms       | 4 |  4.6
Fighting       | 3 |  3.1
Throwing       | |  2.0
Dodging        | |  3.2

Action                   || total
-------------------------++-------
Melee: Trident           ||    48
       Headbutt          ||     8
       Punch             ||     1
  Use: Scroll            ||     1
       Potion            ||     1
 Stab: Sleeping          ||     1
Armor: Leather armour    ||     5
Dodge: Dodged            ||    15
